 Dungeon Crawl Stone Soup version 0.31-a0-1338-gb567cfdca4 (console) character file.

Game seed: 600266831862262851

32074 jejorda2 the Cleaver (level 13, -5/105 HPs)
             Began as a Gnoll Berserker on Dec 22, 2023.
             Was an Elder of Trog.
             Slain by a cane toad (6 damage)
             ... on level 4 of the Lair of Beasts.
             The game lasted 00:32:19 (13427 turns).

jejorda2 the Cleaver (Gnoll Berserker)             Turns: 13427, Time: 00:32:20

Health: -5/105     AC: 26    Str: 23    XL:     13   Next: 62%
Magic:  25/25      EV:  9    Int:  7    God:    Trog [****..]
Gold:   842        SH: 13    Dex: 13    Spells: 29/29 levels left

rFire   + + .        a - +1 war axe (heavy)
rCold   + + .        h - +2 shield of Resistance {rF++ rC++ Will++}
rNeg    + . .        x - +0 plate armour
rPois   .            r - +1 helmet
rElec   .            L - +0 cloak
rCorr   .            y - +1 pair of gloves {Str+3}
SInv    .            c - +0 pair of boots
Will    ++...        q - amulet of faith Stlth
                     A - +4 ring of protection
HPRegen 0.37/turn    E - ring of positive energy
MPRegen 0.19/turn

%: faith
@: mighty
A: fangs 1, strong nose, distributed training
a: Renounce Religion, Berserk, Trog's Hand, Brothers in Arms


You were on level 4 of the Lair of Beasts.
You worshipped Trog.
Trog was greatly pleased with you.
You visited 2 branches of the dungeon, and saw 15 of its levels.

You collected 842 gold pieces.

Inventory:

Hand Weapons
 a - a +1 heavy war axe (weapon)
 b - a +2 trident of draining
 K - a +1 hand axe of flaming
Missiles
 n - 2 atropa-tipped darts
 t - 4 datura-tipped darts
 w - 11 boomerangs (quivered)
 C - 4 silver javelins
 D - 6 poisoned darts
 J - 5 throwing nets
Armour
 c - a +0 pair of boots (worn)
 h - the +2 shield of Resistance (worn) {rF++ rC++ Will++}
   (You found it on level 10 of the Dungeon)

   rF++:      It greatly protects you from fire.
   rC++:      It greatly protects you from cold.
   Will++:    It greatly increases your willpower.
 m - the +5 Storm Queen's Shield {shock, Fly rElec}
   (You found it on level 8 of the Dungeon)

   Shock:     When it blocks an attack, it may electrocute the attacker.
   This works even against foes who are a short distance away.
   rElec:     It insulates you from electricity.
   Fly:       It grants you flight.
 r - a +1 helmet (worn)
 x - a +0 plate armour (worn)
 y - a +1 pair of gloves of strength (worn)
 L - a +0 cloak (worn)
Jewellery
 q - an amulet of faith (around neck)
 A - a +4 ring of protection (left hand)
 E - a ring of positive energy (right hand)
 M - a ring of ice
Wands
 g - a wand of light (8)
 o - a wand of digging (6)
 u - a wand of flame (33)
 F - a wand of charming (24)
 O - a wand of polymorph (2)
Scrolls
 d - 3 scrolls of silence
 j - 7 scrolls of teleportation
 s - 2 scrolls of revelation
 B - 3 scrolls of blinking
 H - a scroll of fear
 N - 3 scrolls of fog
Potions
 f - 5 potions of mutation
 i - 5 potions of curing
 l - a potion of lignification
 p - a potion of might
 v - a potion of resistance
 z - a potion of enlightenment
 G - a potion of cancellation


   Skills:
 + Level 10.9 Fighting
 + Level 8.8 Short Blades
 + Level 8.8 Long Blades
 + Level 10.9 Axes
 + Level 8.8 Maces & Flails
 + Level 8.8 Polearms
 + Level 8.8 Staves
 + Level 8.8 Ranged Weapons
 + Level 8.8 Throwing
 + Level 9.9 Armour
 + Level 9.9 Dodging
 + Level 8.8 Stealth
 + Level 8.8 Shields
 + Level 8.8 Unarmed Combat
 + Level 8.8 Spellcasting
 + Level 7.3 Conjurations
 + Level 7.3 Hexes
 + Level 7.3 Summonings
 + Level 7.3 Necromancy
 + Level 7.3 Translocations
 + Level 7.3 Fire Magic
 + Level 7.3 Ice Magic
 + Level 7.3 Air Magic
 + Level 7.3 Earth Magic
 + Level 7.3 Alchemy
 + Level 9.6 Invocations
 + Level 8.8 Evocations
 + Level 8.0 Shapeshifting


You had 29 spell levels left.
You didn't know any spells.
Your spell library was empty.

Dungeon Overview and Level Annotations

Branches:
Dungeon (11/15)            Temple (0/1) D:6            Lair (4/5) D:9
 Shoals (0/4) Lair:3        Snake (0/4) Lair:2          Orc (0/2) D:10
  Slime: Lair:4-5

Altars:
Dithmenos
Elyvilon
Fedhas
Gozag
Hepliaklqana
Kikubaaqudgha
Nemelex Xobeh
Okawaru
Uskayaw
Zin
The Shining One
Jiyva

Shops:
D:10 =

Annotations:
D:7 3 runed translucent doors, Azoth's ghost, novice DsAE
D:10 1 runed translucent door
Lair:2 3 runed translucent doors, Walel's ghost, journeyman TeAE
Lair:3 Gastronok


Innate Abilities, Weirdness & Mutations

You have very sharp teeth.
Your uncanny sense of smell can sniff out nearby items.
Your experience applies equally to all skills.


Message History

The death yak is almost dead.
The fiery explosion engulfs the cane toad!
You kill the cane toad!
Trog accepts your kill.
You are engulfed in blazing flames.
You resist.
* * * LOW HITPOINT WARNING * * *
You feel sick.
You hear a croak. x2
The death yak is engulfed in blazing flames.
You kill the death yak!
Trog accepts your kill.
Your Shapeshifting skill increases to level 8!
Unknown command.
Unknown command.
Found an escape hatch in the floor.
You feel sick.
You feel sick.
You feel sick.
A cane toad comes into view. x2
Okay, then.
You feel very mighty all of a sudden.
You recover from your berserk rage.
Your skin stops crawling.
You feel less strong-willed.
You feel sick.
You are no longer poisoned.
The death yak is engulfed in blazing flames.
You slash the death yak! Your bite misses the death yak.
The death yak is moderately wounded.
The death yak is engulfed in blazing flames.
The death yak barely misses you.
The death yak is engulfed in blazing flames.
You block the death yak's attack.
You slice the death yak!!
You bite the death yak, but do no damage.
The death yak is severely wounded.
The death yak is engulfed in blazing flames.
The death yak gores you!
* * * LOW HITPOINT WARNING * * *
A death yak comes into view.
The cane toad is engulfed in blazing flames.
The cane toad stings you.
You die...

#..<..# .> ...
#..Y..# ... ...#
#....## #..#
#...##..⌠.###....
#...#.........#
#....☼○†....)#
..##..○F§.....#
∆##.☼Y☼...##..
#..#F@..###
#..##.⌠.# #.
#...+# # #....
#....# ......
#......# #......#


You could see 2 death yaks and 2 cane toads.

Vanquished Creatures
  A fire dragon (D:10)
  Erolcha (D:10)
  Harold (D:10)
  A hydra (Lair:2)
  Fannar (D:10)
  3 two-headed ogres
  A boulder beetle (D:8)
  3 death yaks (Lair:4)
  2 harpies (Lair:3)
  A salamander (Lair:2)
  A black mamba (Lair:2)
  7 elephants
  Joseph (D:10)
  9 cane toads
  Jeremiah (D:8)
  A gargoyle (D:10)
  Maggie (D:7)
  2 komodo dragons
  2 rime drakes
  A troll (D:11)
  A meliai (shapeshifter) (D:8)
  Prince Ribbit (D:7)
  11 blink frogs
  A wraith (D:10)
  43 yaks
  2 wyverns
  A basilisk (Lair:2)
  3 vampire mosquitoes (D:9)
  3 steam dragons
  7 water moccasins
  Edmund (D:6)
  An acid dragon (D:9)
  3 black bears
  An ice beast (D:6)
  2 sky beasts (D:7)
  An ogre (D:6)
  5 wolves (Lair:1)
  2 centaurs
  2 phantoms
  13 bullfrogs
  2 gnoll sergeants
  5 scorpions
  4 killer bees (D:7)
  3 lava snakes (Lair:2)
  2 howler monkeys (D:8)
  2 jellies
  2 hounds
  2 orc priests (D:8)
  4 gnoll boudas
  A sleepcap (D:6)
  2 iguanas
  5 orc wizards
  28 gnolls
  12 adders
  A shadow imp (D:7)
  A bombardier beetle (D:5)
  A worm (D:3)
  4 dart slugs
  35 orcs
  7 endoplasms
  5 giant cockroaches
  8 goblins
  5 hobgoblins
  4 jackals (D:1)
  7 kobolds
  5 quokkas
  5 ball pythons
  10 bats
  3 frilled lizards
  4 rats
324 creatures vanquished.

Vanquished Creatures (collateral kills)
  An ice dragon (D:10)
  2 blink frogs (Lair:4)
3 creatures vanquished.

Vanquished Creatures (others)
  A fire dragon (D:10)
  An ice dragon (D:10)
  An orc wizard (D:7)
3 creatures vanquished.

Grand Total: 330 creatures vanquished

Notes
Turn   | Place    | Note
-------+----------+-------------------------------------------
     0 | D:1      | jejorda2 the Gnoll Berserker began the quest for the Orb.
     0 | D:1      | Reached XP level 1. HP: 23/23 MP: 1/1
   120 | D:1      | Reached XP level 2. HP: 27/29 MP: 2/2
   286 | D:1      | Reached XP level 3. HP: 35/35 MP: 3/3
   297 | D:1      | Found a faded altar of an unknown god.
   553 | D:1      | Reached ** piety under Trog
   727 | D:2      | Reached skill level 1 in Invocations
   911 | D:2      | Reached skill level 1 in Short Blades
   911 | D:2      | Reached skill level 1 in Long Blades
   911 | D:2      | Reached skill level 1 in Maces & Flails
   911 | D:2      | Reached skill level 1 in Polearms
   911 | D:2      | Reached skill level 1 in Staves
   911 | D:2      | Reached skill level 1 in Ranged Weapons
   911 | D:2      | Reached skill level 1 in Throwing
   911 | D:2      | Reached skill level 1 in Stealth
   911 | D:2      | Reached skill level 1 in Shields
   911 | D:2      | Reached skill level 1 in Unarmed Combat
   911 | D:2      | Reached skill level 1 in Spellcasting
   911 | D:2      | Reached skill level 1 in Evocations
  1039 | D:2      | Reached skill level 1 in Shapeshifting
  1039 | D:2      | Reached XP level 4. HP: 41/41 MP: 5/5
  1394 | D:3      | Reached skill level 1 in Conjurations
  1394 | D:3      | Reached skill level 1 in Hexes
  1394 | D:3      | Reached skill level 1 in Summonings
  1394 | D:3      | Reached skill level 1 in Necromancy
  1394 | D:3      | Reached skill level 1 in Translocations
  1394 | D:3      | Reached skill level 1 in Fire Magic
  1394 | D:3      | Reached skill level 1 in Ice Magic
  1394 | D:3      | Reached skill level 1 in Air Magic
  1394 | D:3      | Reached skill level 1 in Earth Magic
  1394 | D:3      | Reached skill level 1 in Alchemy
  1567 | D:3      | Reached XP level 5. HP: 47/47 MP: 7/7
  1927 | D:4      | Noticed a black bear
  1934 | D:4      | Killed a black bear
  1935 | D:4      | Reached XP level 6. HP: 53/53 MP: 8/8
  2035 | D:4      | Reached skill level 5 in Armour
  2035 | D:4      | Reached skill level 5 in Dodging
  2035 | D:4      | Reached *** piety under Trog
  2467 | D:4      | Noticed a black bear
  2472 | D:4      | Killed a black bear
  2473 | D:4      | Reached XP level 7. HP: 60/60 MP: 10/10
  2681 | D:4      | Found an ancient bone altar of Kikubaaqudgha.
  2681 | D:4      | Found a shadowy altar of Dithmenos.
  2915 | D:4      | Found a glowing silver altar of Zin.
  2953 | D:5      | Entered Level 5 of the Dungeon
  3413 | D:5      | Reached XP level 8. HP: 61/67 MP: 12/12
  4646 | D:6      | Found a staircase to the Ecumenical Temple.
  4707 | D:6      | Noticed Edmund
  4714 | D:6      | Killed Edmund
  4715 | D:6      | Found a faded altar of an unknown god.
  4716 | D:6      | Found a hazy altar of Hepliaklqana.
  4784 | D:6      | Found a white marble altar of Elyvilon.
  4990 | D:6      | Identified the +0 leather armour of the Eggfruit {rElec
                  | rCorr Slay+3 Stlth+}
  5008 | D:6      | Reached XP level 9. HP: 73/73 MP: 14/14
  5010 | D:6      | Found an iron altar of Okawaru.
  5222 | D:6      | Found an opulent altar of Gozag.
  5223 | D:6      | Found a sparkling altar of Nemelex Xobeh.
  5914 | D:7      | Noticed Maggie
  5938 | D:7      | Killed Maggie
  6126 | D:7      | Reached skill level 5 in Invocations
  6201 | D:7      | Noticed Prince Ribbit
  6214 | D:7      | Killed Prince Ribbit
  6365 | D:7      | Found a hide-covered altar of Uskayaw.
  6604 | D:7      | Found a runed translucent gate.
  6605 | D:7      | Found a runed translucent gate.
  6606 | D:7      | Found a runed translucent gate.
  6609 | D:7      | Noticed Azoth's ghost (novice DsAE)
  6936 | D:8      | Reached skill level 5 in Short Blades
  6936 | D:8      | Reached skill level 5 in Long Blades
  6936 | D:8      | Reached skill level 5 in Maces & Flails
  6936 | D:8      | Reached skill level 5 in Polearms
  6936 | D:8      | Reached skill level 5 in Staves
  6936 | D:8      | Reached skill level 5 in Ranged Weapons
  6936 | D:8      | Reached skill level 5 in Throwing
  6936 | D:8      | Reached skill level 5 in Stealth
  6936 | D:8      | Reached skill level 5 in Shields
  6936 | D:8      | Reached skill level 5 in Unarmed Combat
  6936 | D:8      | Reached skill level 5 in Spellcasting
  6936 | D:8      | Reached skill level 5 in Evocations
  6936 | D:8      | Reached XP level 10. HP: 62/81 MP: 17/17
  6948 | D:8      | Reached **** piety under Trog
  7265 | D:8      | Noticed a two-headed ogre
  7276 | D:8      | Killed a two-headed ogre
  7445 | D:8      | Found the +5 Storm Queen's Shield {shock, Fly rElec}
  7479 | D:8      | Reached skill level 5 in Shapeshifting
  7604 | D:8      | Noticed Jeremiah
  7825 | D:8      | Killed Jeremiah
  8508 | D:8      | Noticed a boulder beetle
  8517 | D:8      | Killed a boulder beetle
  8518 | D:8      | Reached skill level 5 in Conjurations
  8518 | D:8      | Reached skill level 5 in Hexes
  8518 | D:8      | Reached skill level 5 in Summonings
  8518 | D:8      | Reached skill level 5 in Necromancy
  8518 | D:8      | Reached skill level 5 in Translocations
  8518 | D:8      | Reached skill level 5 in Fire Magic
  8518 | D:8      | Reached skill level 5 in Ice Magic
  8518 | D:8      | Reached skill level 5 in Air Magic
  8518 | D:8      | Reached skill level 5 in Earth Magic
  8518 | D:8      | Reached skill level 5 in Alchemy
  8518 | D:8      | Reached XP level 11. HP: 89/89 MP: 20/20
  8604 | D:9      | Found a staircase to the Lair.
  8716 | D:9      | Found a blossoming altar of Fedhas.
  9420 | D:10     | Entered Level 10 of the Dungeon
  9430 | D:10     | Noticed a two-headed ogre
  9440 | D:10     | Killed a two-headed ogre
  9604 | D:10     | Found Camir's Jewellery Shop.
  9641 | D:10     | Found the +2 shield of Resistance {rF++ rC++ Will++}
  9642 | D:10     | Found a runed translucent door.
  9642 | D:10     | Noticed a fire dragon
  9642 | D:10     | Noticed an ice dragon
  9642 | D:10     | Noticed Erolcha
  9642 | D:10     | Noticed a fire dragon
  9643 | D:10     | Noticed an ice dragon
  9643 | D:10     | Noticed Harold
  9646 | D:10     | Found a runed translucent door.
  9716 | D:10     | Noticed Fannar
  9736 | D:10     | Killed Fannar
  9907 | D:10     | Identified the +5 shortbow "Wodworam" {heavy, rElec rC+ rN+
                  | Int-5}
 10146 | D:10     | Found a glowing golden altar of the Shining One.
 10183 | D:10     | Noticed a two-headed ogre
 10188 | D:10     | Killed a two-headed ogre
 10239 | D:10     | Noticed Joseph
 10243 | D:10     | Killed Joseph
 10388 | D:10     | Found a staircase to the Orcish Mines.
 10450 | D:10     | Killed a fire dragon
 10450 | D:10     | Killed an ice dragon
 10451 | D:10     | Killed an ice dragon
 10460 | D:10     | Killed Harold
 10461 | D:10     | Reached XP level 12. HP: 91/97 MP: 22/22
 10462 | D:10     | Killed a fire dragon
 10471 | D:10     | Killed Erolcha
 10599 | Lair:1   | Entered Level 1 of the Lair of Beasts
 10799 | Lair:1   | Reached skill level 10 in Fighting
 10799 | Lair:1   | Reached skill level 10 in Axes
 11943 | Lair:2   | Found a runed translucent gate.
 11944 | Lair:2   | Found a runed translucent gate.
 11945 | Lair:2   | Found a runed translucent gate.
 11947 | Lair:2   | Noticed Walel's ghost (journeyman TeAE)
 11952 | Lair:2   | Found a viscous altar of Jiyva.
 12317 | Lair:2   | Reached XP level 13. HP: 89/104 MP: 25/25
 12744 | Lair:2   | Found a staircase to the Snake Pit.
 13049 | Lair:3   | Found a staircase to the Shoals.
 13391 | Lair:3   | Noticed Gastronok
 13427 | Lair:4   | HP: 1/105 [death yak (15)]
 13427 | Lair:4   | Slain by a cane toad

Illustrated notes

Levels and vault maps discovered:
D:1:      lemuel_arrival_lava_pool, layout_loops_ring,
          shapermc_ecumenical_altar_acropolis, grunt_decor_resistance
D:2:      layout_loops_cross
D:3:      layout_rooms, serial_bayou, serial_bayou_lagoon_a,
          serial_bayou_shore_a, serial_bayou_pond_d, serial_bayou_pond_b
D:4:      layout_gridville, gammafunk_temple_overflow_claw
D:5:      kb_forest_paths, layout_basic, serial_rivers,
          chequers_serial_rivers_micro_b, chequers_serial_rivers_small_a,
          chequers_serial_rivers_micro_c, chequers_serial_rivers_micro_b,
          chequers_serial_rivers_marsh, hangedman_decor_diamond_cutter
D:6:      layout_loops_ring, grunt_temple_overflow_opulence, elyvilon_altar_1,
          beargit_hepliaklqana_dungeon_heroes, lemuel_doored_altar,
          temple_statues, glass_columns_b, minmay_misc_feat_pillars,
          dk_noncrumbling_2
D:7:      layout_basic, mainiacjoe_overflow_cross_hatched,
          gammafunk_ghost_necromancy, kennysheep_generic_room_14, uniq_maggie,
          uniq_prince_ribbit1
D:8:      nicolae_cairo_tiling_large_dashed, layout_loops_ring, wad_mini_maze,
          uniq_jeremiah
D:9:      layout_loops_ring, fedhas_altar_2, lair_entry_dummy
D:10:     layout_loops_ring, nicolae_tso_carved_into_rock, orc_0_dummy,
          minmay_shop_enchanted_jewellery, minivault_5,
          minmay_guarded_unrand_resistance, uniq_fannar, uniq_harold,
          uniq_joseph, uniq_erolcha
D:11:     layout_irregular_city, serial_shops, nicolae_shop_drivethru,
          minmay_circle_x
Lair:1:   layout_cellular_growth
Lair:2:   layout_cellular_growth, nicolae_snake_entry_warm_welcome,
          gammafunk_ghost_ooze, lemuel_fruit_fields, infiniplex_staircase_pool_2
Lair:3:   layout_regular_city, nicolae_shoals_entry_roost, lemuel_fruit_fields,
          uniq_gastronok, uniq_rupert, uniq_sonja
Lair:4:   layout_loops_ring, grunt_megastairs_5, lemuel_fruit_fields, uniq_snorg

Skill      XL: |  1  2  3  4  5  6  7  8  9 10 11 12 13 |
---------------+----------------------------------------+-----
Invocations    | 1 2 3 4 5 6 7 8 9 |  9.6
Short Blades   | 1 2 3 5 6 7 8 |  8.8
Long Blades    | 1 2 3 5 6 7 8 |  8.8
Maces & Flails | 1 2 3 5 6 7 8 |  8.8
Polearms       | 1 2 3 5 6 7 8 |  8.8
Staves         | 1 2 3 5 6 7 8 |  8.8
Ranged Weapons | 1 2 3 5 6 7 8 |  8.8
Throwing       | 1 2 3 5 6 7 8 |  8.8
Stealth        | 1 2 3 5 6 7 8 |  8.8
Shields        | 1 2 3 5 6 7 8 |  8.8
Unarmed Combat | 1 2 3 5 6 7 8 |  8.8
Spellcasting   | 1 2 3 5 6 7 8 |  8.8
Evocations     | 1 2 3 5 6 7 8 |  8.8
Shapeshifting  | 1 2 3 4 5 6 7 8 |  8.0
Conjurations   | 1 2 3 4 5 6 7 |  7.3
Hexes          | 1 2 3 4 5 6 7 |  7.3
Summonings     | 1 2 3 4 5 6 7 |  7.3
Necromancy     | 1 2 3 4 5 6 7 |  7.3
Translocations | 1 2 3 4 5 6 7 |  7.3
Fire Magic     | 1 2 3 4 5 6 7 |  7.3
Ice Magic      | 1 2 3 4 5 6 7 |  7.3
Air Magic      | 1 2 3 4 5 6 7 |  7.3
Earth Magic    | 1 2 3 4 5 6 7 |  7.3
Alchemy        | 1 2 3 4 5 6 7 |  7.3
Armour         | 5 6 7 8 9 |  9.9
Dodging        | 5 6 7 8 9 |  9.9
Fighting       | 7 8 9 10 | 10.9
Axes           | 7 8 9 10 | 10.9

Action                     |  1- 3 |  4- 6 |  7- 9 | 10-12 | 13-15 || total
---------------------------+-------+-------+-------+-------+-------++-------
  Melee: Hand axe          |    91 |   154 |   174 |       |       ||   419
         Bite              |    10 |    17 |    35 |    39 |    19 ||   120
         Punch             |     1 |     4 |     8 |     2 |       ||    15
         Flail             |       |       |    16 |       |       ||    16
         War axe           |       |       |   133 |   370 |    99 ||   602
         Trident           |       |       |       |       |     9 ||     9
  Throw: Javelin           |       |       |     3 |     4 |       ||     7
         Dart              |       |       |       |    11 |       ||    11
         Boomerang         |       |       |       |    14 |       ||    14
         Throwing net      |       |       |       |       |     1 ||     1
 Invoke: Berserk           |       |     5 |     8 |    10 |     3 ||    26
         Trog's Hand       |       |       |     2 |     8 |     2 ||    12
         Brothers in Arms  |       |       |       |     1 |     1 ||     2
  Evoke: Wand              |       |       |       |     2 |       ||     2
    Use: Scroll            |       |       |    17 |    10 |     3 ||    30
         Potion            |       |       |       |     2 |     3 ||     5
   Stab: Invisible         |       |       |       |     1 |       ||     1
 Armour: Animal skin       |    10 |       |       |       |       ||    10
         Scale mail        |    44 |    95 |   121 |       |       ||   260
         Chain mail        |       |       |   217 |   125 |       ||   342
         Plate armour      |       |       |       |   230 |   183 ||   413
  Dodge: Dodged            |    58 |    91 |   195 |   144 |    65 ||   553
  Block: Kite shield       |       |       |       |   222 |   128 ||   350

Table legend: (Time is in decaauts)
 A = Elapsed time spent in this place.
 B = Non-inter-level travel time spent in this place.
 C = Inter-level travel time spent in this place.
 D = Time resting spent in this place.
 E = Time spent auto-exploring this place.
 F = Levels seen in this place.
 G = Mean time per level.
                   A        B        C        D        E       F      G
               +--------+--------+--------+--------+--------+-----+--------+
         Total |  14004 |  13303 |    701 |   1587 |   8902 |  15 |  933.6 |
       Dungeon |  10997 |  10431 |    566 |   1203 |   7085 |  11 |  999.7 |
          Lair |   3007 |   2872 |    135 |    384 |   1817 |   4 |  751.8 |
               +--------+--------+--------+--------+--------+-----+--------+

Top non-repeatable levels by time:
     D:8: 1731 daAuts
     D:5: 1477 daAuts
  Lair:1: 1304 daAuts
  Lair:2: 1261 daAuts
     D:6: 1236 daAuts
    D:10: 1184 daAuts
     D:4: 1159 daAuts
     D:7: 1158 daAuts
     D:9: 1045 daAuts
     D:1: 720 daAuts
     D:2: 707 daAuts
     D:3: 554 daAuts
  Lair:3: 403 daAuts
  Lair:4: 38 daAuts
    D:11: 23 daAuts
